 Dungeon Crawl Stone Soup version 0.24-a0-458-gfcb5e6da0e (webtiles) character file.

Game seed: 14801911924768772468

921 Mrkan the Ruffian (level 7, -6/66 HPs)
             Began as a Troll Abyssal Knight on June 27, 2019.
             Was a Believer of Lugonu.
             Mangled by a killer bee (8 damage)
             ... on level 8 of the Dungeon.
             The game lasted 00:07:02 (3408 turns).

Mrkan the Ruffian (Troll Abyssal Knight)            Turns: 3408, Time: 00:07:02

Health: -6/66      AC:  7    Str: 21    XL:     7   Next: 84%
Magic:  18/18      EV: 10    Int: 10    God:    Lugonu [**....]
Gold:   197        SH:  0    Dex:  9    Spells: 6/6 levels left

rFire    . . .     SeeInvis .     - Unarmed
rCold    . . .     Gourm    +   (no shield)
rNeg     . . .     Faith    .   a - +0 robe
rPois    +         Spirit   .   (helmet restricted)
rElec    .         Reflect  .   v - +0 cloak
rCorr    .         Harm     .   (gloves unavailable)
MR       .....                  (boots unavailable)
Stlth    +.........             (no amulet)
HPRegen  0.61/turn              d - ring of magical power
MPRegen  0.16/turn              n - ring of poison resistance

@: lethally poisoned (-6 -> -16)
A: large, unfitting armour, claws 3, fast metabolism 3, gourmand, regeneration
1, shaggy fur 1, tough skin 3
a: Depart the Abyss, Bend Space, Renounce Religion


You were on level 8 of the Dungeon.
You worshipped Lugonu.
Lugonu was pleased with you.
You were full.

You visited 1 branch of the dungeon, and saw 6 of its levels.
You visited the Abyss 1 time.

You collected 197 gold pieces.

Inventory:

Missiles
 f - 7 boomerangs
 m - 208 stones (quivered)
Armour
 a - a +0 robe (worn)
 v - a +0 cloak (worn)
Jewellery
 d - a ring of magical power (left claw)
 n - a ring of poison resistance (right claw)
 r - an uncursed ring of flight
 C - the amulet of the Four Winds {rN+ MR+++ Clar}
   (You found it on level 4 of the Dungeon)

   [amulet of nothing]

   It protects you from negative energy.
   It affects your resistance to hostile enchantments.
   It protects you against confusion.
 E - an uncursed ring of ice {unknown}
 F - an uncursed ring of magical power
Wands
 D - a wand of flame (18)
Scrolls
 c - a scroll of noise {unknown}
 g - a scroll of enchant weapon
 h - 2 scrolls of fog {unknown}
 i - 4 scrolls of remove curse
 p - 4 scrolls of teleportation {unknown}
 s - 2 scrolls of enchant armour {unknown}
 y - 2 scrolls of random uselessness {unknown}
 A - 2 scrolls of identify
Potions
 e - a potion of might {unknown}
 j - 2 potions of cancellation {unknown}
 k - 2 potions of flight {unknown}
 l - 2 potions of agility
 o - 2 potions of curing
 q - a potion of haste {unknown}
 t - 2 potions of resistance {unknown}
 u - a potion of invisibility {unknown}
 w - a potion of lignification {unknown}
 x - a potion of magic {unknown}
 z - a potion of berserk rage {unknown}
 B - 2 potions of mutation {unknown}
Comestibles
 b - 5 rations


   Skills:
 - Level 2.4 Fighting
 - Level 1.9 Dodging
 * Level 7.6 Unarmed Combat
 + Level 4.9 Invocations


You had 6 spell levels left.
You didn't know any spells.
Your spell library was empty.

Dungeon Overview and Level Annotations

Branches:
Dungeon (5/15)
 Temple: D:4-7

Altars:
Cheibriados
Dithmenos
Kikubaaqudgha
Ru
Zin


Innate Abilities, Weirdness & Mutations

You are too large for most types of armour.
You have claws for hands.
Your metabolism is lightning-fast.
You like to eat raw meat.
Your natural rate of healing is unusually fast.
You are covered in fur. (AC +1)
You have extremely tough skin. (AC +3)


Message History

You feel sick. The killer bee misses you. The killer bee stings you.
You are more poisoned.
The killer bee poisons you! The killer bee stings you.
* * * LOW HITPOINT WARNING * * *
You are more poisoned.
The killer bee poisons you!
You feel sick. The killer bee stings you.
* * * LOW HITPOINT WARNING * * *
You claw the killer bee!
The killer bee is severely wounded.
* * * LOW HITPOINT WARNING * * *
You feel sick. The killer bee closely misses you.
The killer bee stings you but does no damage.
The killer bee stings you.
* * * LOW HITPOINT WARNING * * *
The killer bee stings you.
* * * LOW HITPOINT WARNING * * *
The killer bee stings you but does no damage.
The killer bee stings you!
You die...

.... ...... # ...
...... ##. .. .....#
#...### ##$##....##
#...y@## #.........#
#...yyy#### #.......#.
##...y....###....#..#.
#........##.##...#....
##........o....#....##
##...........##...###
#...##.###..###.....
....##..# ##.# #.....
##...#...# ...##.##..


You could see 5 killer bees and an orc.

Vanquished Creatures
  Eustachio (D:4)
  Edmund (D:4)
  An ogre (D:4)
  2 scorpions (D:4)
  A gnoll shaman (D:4)
  2 hounds (D:4)
  3 orc wizards
  A centaur skeleton (D:4)
  An iguana (D:4)
  3 worker ants
  3 gnolls (D:4)
  5 adders
  3 worms
  2 dart slugs (D:4)
  6 leopard geckos
  10 orcs
  2 giant cockroaches
  3 goblins
  8 hobgoblins
  3 kobolds
  3 quokkas
  4 bats
  A frilled lizard (D:3)
  3 rats
  A plant (D:4)
73 creatures vanquished.

Vanquished Creatures (others)
  An orc wizard (D:4)
1 creature vanquished.

Grand Total: 74 creatures vanquished

Notes
Turn   | Place    | Note
-------+----------+-------------------------------------------
     0 | Abyss:1  | Mrkan the Troll Abyssal Knight began the quest for the Orb.
     0 | Abyss:1  | Reached XP level 1. HP: 22/22 MP: 1/1
    37 | Abyss:1  | Found a sparkling altar of Nemelex Xobeh.
    90 | Abyss:2  | Noticed a small abomination
    91 | Abyss:2  | Noticed a large abomination
    91 | Abyss:2  | Noticed a blink frog
    92 | D:1      | Escaped the Abyss
   285 | D:1      | Reached XP level 2. HP: 25/29 MP: 2/2
  1175 | D:2      | Reached skill level 3 in Unarmed Combat
  1303 | D:2      | Reached * piety under Lugonu
  1303 | D:2      | Reached XP level 3. HP: 36/36 MP: 3/3
  1358 | D:2      | Found a glowing silver altar of Zin.
  1372 | D:2      | Found an ancient bone altar of Kikubaaqudgha.
  1593 | D:3      | Found a sacrificial altar of Ru.
  1682 | D:3      | Reached XP level 4. HP: 34/44 MP: 4/4
  1913 | D:3      | Reached skill level 4 in Unarmed Combat
  2180 | D:4      | Found a snail-covered altar of Cheibriados.
  2246 | D:4      | Noticed Eustachio
  2249 | D:4      | Reached XP level 5. HP: 46/50 MP: 6/6
  2262 | D:4      | Killed Eustachio
  2262 | D:4      | Reached skill level 5 in Unarmed Combat
  2262 | D:4      | Reached XP level 6. HP: 34/59 MP: 7/7
  2283 | D:4      | HP: 2/59 [something/puff of flame (9)]
  2378 | D:4      | Reached skill level 6 in Unarmed Combat
  2423 | D:4      | Found the amulet of the Four Winds {rN+ MR+++ Clar}
  2596 | D:4      | Reached XP level 7. HP: 60/66 MP: 9/9
  2816 | D:4      | Found a shadowy altar of Dithmenos.
  2882 | D:4      | Reached skill level 7 in Unarmed Combat
  3016 | D:4      | Noticed Edmund
  3033 | D:4      | Killed Edmund
  3290 | D:5      | Entered Level 5 of the Dungeon
  3386 | D:5      | You fall into a shaft and drop 3 floors!
  3406 | D:8      | Reached ** piety under Lugonu
  3408 | D:8      | HP: 2/66 [killer bee (3)]
  3408 | D:8      | Mangled by a killer bee

Levels and vault maps discovered:
D:1:      dpeg_arrival_renting, layout_basic
D:2:      layout_rooms, grunt_temple_overflow_open, st_stairs_7, glass_columns_a
D:3:      layout_rooms, hangedman_ru_absence, first_ration
D:4:      layout_basic, overflow_temple_1_default, kennysheep_slug_shrine,
          serial_bayou, serial_bayou_ford_a, serial_bayou_lagoon_a,
          serial_bayou_pond_b, serial_bayou_pond_b, uniq_edmund, uniq_eustachio
D:5:      kennysheep_windowed_halls, layout_basic,
          grunt_temple_overflow_bloody_war, serial_shops, shop_fountains
D:8:      layout_cave_pools, amethyst_overflow_temple_binary,
          hangedman_little_slice_of_home, okawaru_gym_becter, uniq_erica,
          uniq_pikel

Skill      XL: |  1  2  3  4  5  6  7 |
---------------+----------------------+-----
Invocations    | 2 3 4 |  4.9
Unarmed Combat | 3 4 5 6 7 |  7.6
Fighting       | |  2.4
Dodging        | |  1.9

Action                   |  1- 3 |  4- 6 |  7- 9 || total
-------------------------+-------+-------+-------++-------
Melee: Unarmed           |    67 |   112 |    77 ||   256
       Punch             |     1 |     1 |     3 ||     5
Invok: Depart the Abyss  |     1 |       |       ||     1
  Use: Scroll            |     4 |     3 |       ||     7
       Potion            |       |     1 |       ||     1
 Stab: Sleeping          |     1 |       |       ||     1
  Eat: Chunk             |    12 |    14 |     4 ||    30
       Ration            |     1 |       |       ||     1
Armor: Robe              |    23 |    54 |    17 ||    94
Dodge: Dodged            |    32 |    62 |    35 ||   129

Table legend:
 A = Non-vault XP
 B = Vault XP
 C = Vault XP percentage of total XP
 D = Non-vault monster count
 E = Vault monster count
 F = Vault count percentage of total count
                 A         B        C        D         E       F
            +---------+---------+-------+---------+---------+-------
      Total |     801 |     516 |  39.2 |      64 |       9 |  12.3
            +---------+---------+-------+---------+---------+-------
        D:1 |      19 |       0 |   0.0 |      11 |       0 |   0.0
        D:2 |      26 |       0 |   0.0 |       6 |       0 |   0.0
        D:3 |     103 |       0 |   0.0 |      18 |       0 |   0.0
        D:4 |     599 |     516 |  46.3 |      25 |       9 |  26.5
        D:5 |      40 |       0 |   0.0 |       3 |       0 |   0.0
        D:8 |      14 |       0 |   0.0 |       1 |       0 |   0.0
            +---------+---------+-------+---------+---------+-------
